 Dungeon Crawl Stone Soup version 0.26-a0-969-g2c58977ddd (webtiles) character file.

Game seed: 15292623141039949031

893 Gildeon the Ruffian (level 7, 0/71 HPs)
             Began as a Troll Fighter on Dec 4, 2020.
             Was an Initiate of Okawaru.
             Slain by a gnoll
             ... wielding a +0 flail
              (3 damage)
             ... on level 6 of the Dungeon.
             The game lasted 00:07:48 (3510 turns).

Gildeon the Ruffian (Troll Fighter)                 Turns: 3510, Time: 00:07:50

Health: 0/71       AC:  6    Str: 25    XL:     7   Next: 78%
Magic:  6/6        EV: 11    Int:  5    God:    Okawaru [......]
Gold:   236        SH:  0    Dex: 10    Spells: 6/6 levels left

rFire    + . .     SeeInvis .     - Unarmed
rCold    . . .     Faith    .   (no shield)
rNeg     . . .     Spirit   .   a - +0 robe
rPois    .         Reflect  .   (helmet restricted)
rElec    .         Harm     .   (no cloak)
rCorr    .         Rampage  .   (gloves unavailable)
MR       .....                  (boots unavailable)
Stlth    +.........             (no amulet)
HPRegen  0.61/turn              l - ring of protection from fire
MPRegen  0.10/turn              (no ring)

@: no status effects
A: large, unfitting armour, claws 3, regeneration 1, shaggy fur 1, tough skin 3
a: Renounce Religion


You were on level 6 of the Dungeon.
You worshipped Okawaru.
Okawaru was noncommittal.
You visited 2 branches of the dungeon, and saw 7 of its levels.

You collected 236 gold pieces.

Inventory:

Hand Weapons
 s - a +0 great mace
 u - a +0 morningstar
Armour
 a - a +0 robe (worn)
Jewellery
 l - a ring of protection from fire (left claw)
Scrolls
 b - 3 scrolls of teleportation
 f - a scroll of fog {unknown}
 m - 2 scrolls of magic mapping {unknown}
 o - 3 scrolls of remove curse
 q - 3 scrolls of amnesia
 t - 2 scrolls of enchant armour {unknown}
Potions
 c - a potion of might
 d - 3 potions of curing
 e - 3 potions of haste
 g - 2 potions of degeneration {unknown}
 h - a potion of ambrosia {unknown}
 i - 2 potions of attraction {unknown}
 j - a potion of flight {unknown}
 k - a potion of lignification {unknown}
 n - 2 potions of heal wounds
 p - a potion of brilliance {unknown}
 r - 2 potions of berserk rage
 v - a potion of resistance {unknown}


   Skills:
 + Level 4.3 Fighting
 + Level 3.4 Armour
 + Level 4.4 Dodging
 - Level 2.4 Shields
 + Level 4.7 Unarmed Combat


You had 6 spell levels left.
You didn't know any spells.
Your spell library was empty.

Dungeon Overview and Level Annotations

Branches:
Dungeon (6/15)             Temple (1/1) D:4

Altars:
Ashenzari
Elyvilon
Hepliaklqana
Kikubaaqudgha
Makhleb
Nemelex Xobeh
Okawaru
Qazlal
Ru
Sif Muna
Trog
Vehumet
Wu Jian
Xom
Yredelemnul
Zin
The Shining One


Innate Abilities, Weirdness & Mutations

You are too large for most types of armour.
You have claws for hands.
Your natural rate of healing is unusually fast.
You are covered in fur. (AC +1)
You have extremely tough skin. (AC +3)


Message History

* * * LOW HITPOINT WARNING * * *
Okay, then.
You feel much better. The gnoll closely misses you.
The gnoll barely misses you.
The gnoll hits you with a +1 flail of protection!
* * * LOW HITPOINT WARNING * * *
You barely miss the gnoll.
The gnoll is moderately wounded.
The gnoll hits you with a +0 flail.
* * * LOW HITPOINT WARNING * * *
The gnoll hits you.
* * * LOW HITPOINT WARNING * * *
You scratch the gnoll but do no damage.
The gnoll is moderately wounded.
The gnoll hits you with a +1 flail of protection.
* * * LOW HITPOINT WARNING * * *
The gnoll hits you.
* * * LOW HITPOINT WARNING * * *
The gnoll hits you with a +0 flail.
You die...

###..............
............<...
#..............
###.†...........)
+....)...........
###..............
#####...([.........
.......gg..........
)......@g..........
..........(.........
(...................
....................
######..............
#..................
#..................
#.................>
#..........[.......


You could see 3 gnolls.

Vanquished Creatures
  Grinder (D:3)
  An orc warrior (D:5)
  A centaur (D:6)
  A bullfrog (D:6)
  2 orc priests
  3 hounds
  2 orc wizards
  An iguana (D:3)
  2 worker ant zombies
  8 adders
  A howler monkey skeleton (D:4)
  A shadow imp (D:5)
  A white imp (D:5)
  2 ufetubi (D:6)
  3 oozes
  An adder skeleton (D:4)
  3 worms
  A dart slug (D:2)
  A leopard gecko (D:2)
  6 orcs
  3 bats
  6 giant cockroaches
  8 goblins
  6 hobgoblins
  A ball python (D:2)
  3 frilled lizards
  8 kobolds
  A leopard gecko skeleton (D:4)
  11 rats
89 creatures vanquished.

Vanquished Creatures (others)
  3 plants (D:5)
3 creatures vanquished.

Grand Total: 92 creatures vanquished

Notes
Turn   | Place    | Note
-------+----------+-------------------------------------------
     0 | D:1      | Gildeon the Troll Fighter began the quest for the Orb.
     0 | D:1      | Reached XP level 1. HP: 22/22 MP: 0/0
   102 | D:1      | Reached XP level 2. HP: 21/29 MP: 1/1
   496 | D:2      | Reached skill level 1 in Armour
   496 | D:2      | Reached XP level 3. HP: 28/36 MP: 2/2
   575 | D:2      | Reached XP level 4. HP: 44/44 MP: 3/3
   986 | D:2      | You fall into a shaft and drop 1 floor!
  1152 | D:3      | Found a sacrificial altar of Ru.
  1154 | D:3      | Found an ancient bone altar of Kikubaaqudgha.
  1154 | D:3      | Found an ornate altar of the Wu Jian Council.
  1166 | D:3      | Reached XP level 5. HP: 53/53 MP: 4/4
  1335 | D:3      | Noticed Grinder
  1335 | D:3      | Paralysed by Grinder for 7 turns
  1344 | D:3      | Paralysed by Grinder for 3 turns
  1351 | D:3      | HP: 1/53 [Grinder (5)]
  1460 | D:3      | HP: 1/53 [Grinder (5)]
  1578 | D:3      | Killed Grinder
  1579 | D:3      | Reached XP level 6. HP: 52/61 MP: 5/5
  1952 | D:4      | Found a staircase to the Ecumenical Temple.
  1986 | Temple   | Entered the Ecumenical Temple
  2010 | Temple   | Became a worshipper of Warmaster Okawaru
  2482 | D:4      | Reached XP level 7. HP: 66/68 MP: 6/6
  2501 | D:4      | Found a shimmering blue altar of Sif Muna.
  2796 | D:5      | Entered Level 5 of the Dungeon
  3026 | D:5      | Found a broken altar of Ashenzari.
  3030 | D:5      | Saw a vision of the Swamp and the Snake Pit.
  3030 | D:5      | Noticed a naga warrior
  3030 | D:5      | Noticed a naga ritualist
  3030 | D:5      | Noticed a naga mage
  3030 | D:5      | Noticed a will-o-the-wisp
  3030 | D:5      | Noticed a goliath frog
  3030 | D:5      | Noticed a goliath frog
  3030 | D:5      | Noticed an alligator
  3507 | D:6      | HP: 1/71 [gnoll/+1 flail of protection (12)]
  3510 | D:6      | Slain by a gnoll

Illustrated notes

Levels and vault maps discovered:
D:1:      scummos_arrival_hexagon, layout_rooms
D:2:      layout_rooms
D:3:      layout_rooms, chequers_temple_overflow_statue_of_worship,
          kennysheep_generic_room_7, uniq_grinder
D:4:      layout_basic, kennysheep_little_box, minmay_temple_entry_glass
D:5:      layout_loops_ring, st_stairs_14, grunt_ashenzari_visionary
          [grunt_ashenzari_visionary_swamp, grunt_ashenzari_visionary_snake]
D:6:      layout_basic, gammafunk_ghost_cemetery
Temple:   dshaligram_water_room_temple

Skill      XL: |  1  2  3  4  5  6  7 |
---------------+----------------------+-----
Armour         | 1 2 3 |  3.4
Dodging        | 3 4 |  4.4
Fighting       | 3 4 |  4.3
Unarmed Combat | 3 4 |  4.7
Shields        | |  2.4

Action                   |  1- 3 |  4- 6 |  7- 9 || total
-------------------------+-------+-------+-------++-------
Melee: Unarmed           |    86 |   163 |    52 ||   301
       Punch             |     1 |     4 |       ||     5
  Use: Potion            |       |     2 |     1 ||     3
       Scroll            |       |     5 |     2 ||     7
Armor: Robe              |    38 |    49 |    18 ||   105
Dodge: Dodged            |    44 |    86 |    51 ||   181

Table legend: (Time is in decaauts)
 A = Elapsed time spent in this place.
 B = Non-inter-level travel time spent in this place.
 C = Inter-level travel time spent in this place.
 D = Time resting spent in this place.
 E = Time spent auto-exploring this place.
 F = Levels seen in this place.
 G = Mean time per level.
                   A        B        C        D        E       F      G
               +--------+--------+--------+--------+--------+-----+--------+
         Total |   3474 |   3305 |    169 |    163 |   2383 |   7 |  496.3 |
       Dungeon |   3327 |   3181 |    146 |    163 |   2282 |   6 |  554.5 |
        Temple |    147 |    124 |     23 |      0 |    101 |   1 |  147.0 |
               +--------+--------+--------+--------+--------+-----+--------+

Top non-repeatable levels by time:
     D:4: 774 daAuts
     D:2: 758 daAuts
     D:3: 631 daAuts
     D:5: 626 daAuts
     D:1: 451 daAuts
  Temple: 147 daAuts
     D:6: 83 daAuts
